 Dungeon Crawl Stone Soup version 0.28-a0-851-g8b9cc49659 (webtiles) character file.

Game seed: 8572859846958412973

579 siradein the Skirmisher (level 7, -7/44 HPs)
             Began as a Gargoyle Fighter on Nov 15, 2021.
             Killed from afar by a steam dragon (19 damage)
             ... with a ball of steam
             ... on level 4 of the Dungeon.
             The game lasted 00:10:03 (4202 turns).

siradein the Skirmisher (Gargoyle Fighter)          Turns: 4202, Time: 00:10:06

Health: -7/44      AC: 10    Str: 21    XL:     7   Next: 36%
Magic:  7/7        EV: 15    Int:  8    God:
Gold:   181        SH:  5    Dex: 16    Spells: 6/6 levels left

rFire   . . .      SeeInvis .   a - +0 flail
rCold   . . .      Faith    .   c - +0 buckler
rNeg    + + .      Spirit   .   i - +2 leather armour {rN+}
rPois   ∞          Reflect  .   (no helmet)
rElec   +          Harm     .   (no cloak)
rCorr   .          Rampage  .   (no gloves)
Will    .....                   (no boots)
Stlth   +.........              (no amulet)
HPRegen 0.14/turn               q - +4 ring of evasion
MPRegen 0.10/turn               y - +6 ring of dexterity

@: no status effects
A: sickness immunity, AC +4, negative energy resistance 1, electricity
resistance, torment resistance 1, petrification resistance
a: no special abilities


You were on level 4 of the Dungeon.
You visited 2 branches of the dungeon, and saw 5 of its levels.
You also visited: Sewer.

You collected 181 gold pieces.

Inventory:

Hand Weapons
 a - a +0 flail (weapon)
Missiles
 f - 149 stones (quivered)
 l - 5 boomerangs
Armour
 c - a +0 buckler (worn)
 i - a +2 leather armour of positive energy (worn)
Jewellery
 q - a +4 ring of evasion (left hand)
 r - a ring of flight
 w - a +6 ring of intelligence
 y - a +6 ring of dexterity (right hand)
Scrolls
 g - a scroll of immolation {unknown}
 h - a scroll of torment {unknown}
 k - 2 scrolls of amnesia {unknown}
 m - a scroll of brand weapon {unknown}
 p - 4 scrolls of identify {unknown}
 s - 2 scrolls of fear {unknown}
 t - a scroll of enchant armour {unknown}
 u - a scroll of magic mapping {unknown}
Potions
 b - 2 potions of invisibility {unknown}
 d - 2 potions of might
 e - a potion of ambrosia {unknown}
 j - 2 potions of curing {unknown}
 n - a potion of degeneration {unknown}
 o - a potion of brilliance {unknown}
 v - 3 potions of flight {unknown}
 x - a potion of mutation {unknown}


   Skills:
 + Level 5.3 Fighting
 + Level 4.2 Maces & Flails
 + Level 5.2 Armour
 + Level 5.3 Shields


You had 6 spell levels left.
You didn't know any spells.
Your spell library was empty.

Dungeon Overview and Level Annotations

Branches:
Dungeon (4/15)             Temple (1/1) D:4           Sewer (visited)

Altars:
Ashenzari
Cheibriados
Dithmenos
Hepliaklqana
Makhleb
Sif Muna
Trog
Wu Jian
Xom
Yredelemnul
Zin
The Shining One

Shops:
D:2 [!


Innate Abilities, Weirdness & Mutations

You are immune to sickness and miasma.
Your stone body is resilient. (AC +4)
You are immune to poison.
You resist negative energy. (rN+)
You are resistant to electric shocks. (rElec)
You are resistant to unholy torment.
You are immune to petrification.


Message History

The endoplasm is lightly wounded.
You block the endoplasm's attack.
You hit the endoplasm.
You kill the endoplasm!
The steam dragon hisses angrily.
Found a scroll labelled FOJO GYNEM.
The steam dragon bites you.
The steam dragon claws you but does no damage.
You barely miss the steam dragon. You block the steam dragon's attack.
The steam dragon closely misses you. The phantom misses you.
The steam dragon breathes steam at you. The ball of steam hits you!
You hear a shout!
The steam dragon misses you. The steam dragon barely misses you.
You sock the steam dragon!
The steam dragon is moderately wounded.
You are engulfed in a cloud of scalding steam.
The steam dragon bites you but does no damage.
You block the steam dragon's attack.
You hit the steam dragon.
The steam dragon is heavily wounded.
You are engulfed in a cloud of scalding steam.
You block the steam dragon's attack.
The steam dragon claws you but does no damage.
You barely miss the steam dragon.
The steam dragon is heavily wounded.
You block the steam dragon's attack.
The steam dragon claws you but does no damage.
An ufetubus comes into view.
You hit the steam dragon but do no damage.
The steam dragon is heavily wounded.
The steam dragon bites you but does no damage.
The steam dragon misses you.
You sock the steam dragon!
The steam dragon is severely wounded.
The steam dragon bites you!
* * * LOW HITPOINT WARNING * * *
The steam dragon claws you but does no damage.
The steam dragon breathes steam at you. The ball of steam hits you!!
You die...

.#...#...#...#..
.#...#...#...#(..#
..#...#...#...#..
.#...#...#...#...#
.#...#...#.$.#...#..
...#...#...#...#...#
#...#...#...#...#..
#.$.#...#...#...#
..#.@.#...#...#.
#...#D..#...#..
#..5#..W#...#...#
...# ..#...#...#. .#
.#...#...#..
#...#...#...#
..#...#...#.
###..#.? #..


You could see a steam dragon (catching breath), a phantom and an ufetubus.

Vanquished Creatures
  A black bear (D:3)
  An ogre (D:4)
  2 bullfrogs (Sewer)
  A hound (D:4)
  2 iguanas (D:4)
  A howler monkey zombie (D:3)
  8 adders
  An adder skeleton (D:4)
  A worm (D:4)
  3 dart slugs
  3 orcs (D:4)
  9 ball pythons
  11 endoplasms
  7 giant cockroaches
  7 goblins
  8 hobgoblins
  4 jackals (D:3)
  8 kobolds
  5 quokkas
  A ball python zombie (D:3)
  4 bats
  8 frilled lizards
  4 rats
100 creatures vanquished.

Vanquished Creatures (others)
  2 adders (D:3)
  A giant cockroach (D:3)
  2 ball pythons (D:3)
  A plant (D:2)
6 creatures vanquished.

Grand Total: 106 creatures vanquished

Notes
Turn   | Place    | Note
-------+----------+-------------------------------------------
     0 | D:1      | siradein the Gargoyle Fighter began the quest for the Orb.
     0 | D:1      | Reached XP level 1. HP: 14/14 MP: 1/1
    28 | D:1      | Found a faded altar of an unknown god.
    59 | D:1      | Reached XP level 2. HP: 19/19 MP: 2/2
   366 | D:1      | Reached XP level 3. HP: 21/23 MP: 3/3
   927 | D:2      | Found Saytutaz's Distillery.
  1219 | D:2      | Found Nurynlum's Armour Emporium.
  1433 | D:3      | Found a shimmering altar of Xom.
  1613 | D:3      | Reached XP level 4. HP: 25/29 MP: 4/4
  2091 | D:3      | Noticed a black bear
  2106 | D:3      | Killed a black bear
  2107 | D:3      | Reached XP level 5. HP: 21/34 MP: 5/5
  2564 | D:4      | Reached XP level 6. HP: 39/39 MP: 6/6
  2665 | D:4      | Found a glowing drain.
  2680 | Sewer    | Entered a sewer
  3033 | Sewer    | Reached skill level 5 in Fighting
  3033 | Sewer    | Reached skill level 5 in Armour
  3033 | Sewer    | Reached skill level 5 in Shields
  3042 | Sewer    | Reached XP level 7. HP: 26/44 MP: 7/7
  3344 | D:4      | Found a staircase to the Ecumenical Temple.
  3351 | Temple   | Entered the Ecumenical Temple
  4192 | D:4      | Noticed a steam dragon
  4202 | D:4      | Killed from afar by a steam dragon

Illustrated notes

Levels and vault maps discovered:
D:1:      grunt_arrival_lava_bath, layout_rooms, basic_ecumenical_altar,
          minmay_small_reverse_x
D:2:      layout_loops_cross, serial_shops, nicolae_shop_crystal, shop,
          grunt_ministairs_6, serial_bayou_crossing
D:3:      layout_loops_ring, xom_confusion_cloud, minmay_pentomino_pile
D:4:      layout_basic, minmay_temple_entry_waves, portal_sewer_entry_a,
          hex_large, minivault_4
Temple:   jpeg_temple_clearing

Skill      XL: |  1  2  3  4  5  6  7 |
---------------+----------------------+-----
Fighting       | 4 5 |  5.3
Armour         | 4 5 |  5.2
Shields        | 4 5 |  5.3
Maces & Flails | 3 4 |  4.2

Action                   |  1- 3 |  4- 6 |  7- 9 || total
-------------------------+-------+-------+-------++-------
Melee: Flail             |   118 |   199 |    37 ||   354
Armor: Scale mail        |    26 |       |       ||    26
       Leather armour    |    24 |    90 |    12 ||   126
Dodge: Dodged            |    70 |   248 |    17 ||   335
Block: Buckler           |    18 |    65 |    19 ||   102

Table legend: (Time is in decaauts)
 A = Elapsed time spent in this place.
 B = Non-inter-level travel time spent in this place.
 C = Inter-level travel time spent in this place.
 D = Time resting spent in this place.
 E = Time spent auto-exploring this place.
 F = Levels seen in this place.
 G = Mean time per level.
                   A        B        C        D        E       F      G
               +--------+--------+--------+--------+--------+-----+--------+
         Total |   4293 |   4114 |    179 |    162 |   2869 |   6 |  715.5 |
       Dungeon |   3518 |   3339 |    179 |    162 |   2362 |   4 |  879.5 |
        Temple |    207 |    207 |      0 |      0 |    110 |   1 |  207.0 |
         Sewer |    567 |    567 |      0 |      0 |    397 |   1 |  567.0 |
               +--------+--------+--------+--------+--------+-----+--------+

Top non-repeatable levels by time:
     D:3: 999 daAuts
     D:4: 980 daAuts
     D:2: 930 daAuts
     D:1: 608 daAuts
   Sewer: 567 daAuts
  Temple: 207 daAuts
